 Dungeon Crawl Stone Soup version 0.29.1-4-g47bece8355 (webtiles) character file.

Game seed: 14083428192596686855

1073 vgb666 the Covert (level 8, -1/57 HPs)
             Began as a Vine Stalker Brigand on Dec 10, 2022.
             Was an Initiate of Okawaru.
             Slain by an ice beast (12 damage)
             ... on level 5 of the Dungeon.
             The game lasted 00:17:56 (4190 turns).

vgb666 the Covert (Vine Stalker Brigand)            Turns: 4190, Time: 00:17:56

Health: -1/57      AC: 24    Str: 13    XL:     8   Next: 28%
Magic:  0/9        EV:  2    Int: 17    God:    Okawaru [......]
Gold:   252        SH:  5    Dex: 19    Spells: 7/7 levels left

rFire   . . .      SeeInvis .   a - +3 dagger
rCold   . . .      Faith    .   r - +0 buckler
rNeg    . . .      Spirit   +   (body armour currently unavailable)
rPois   +          Reflect  .   (helmet currently unavailable)
rElec   .          Harm     .   (cloak currently unavailable)
rCorr   .          Rampage  .   (gloves currently unavailable)
Will    +....      NoTele   +   (boots currently unavailable)
Stlth   +++++.....              (no amulet)
HPRegen 0.99/turn               f - +6 ring of intelligence
MPRegen 0.11/turn               (no ring)

@: tree-form
A: stationary, stasis, torment immunity, boosted hp, (fangs 3), regeneration 1,
magic shield, (antimagic bite), no potion heal 2
a: Renounce Religion


You were on level 5 of the Dungeon.
You worshipped Okawaru.
Okawaru was noncommittal.
You were a tree.
You visited 2 branches of the dungeon, and saw 6 of its levels.

You collected 252 gold pieces.

Inventory:

Hand Weapons
 a - a +3 dagger (weapon)
 p - a +0 dagger of venom
Missiles
 d - 16 poisoned darts
 e - 2 curare-tipped darts (quivered)
 l - 6 silver javelins
Armour
 c - a +0 cloak (melded)
 i - a +0 leather armour (melded)
 r - a +0 buckler (worn)
 s - a +0 pair of boots (melded)
Jewellery
 f - a +6 ring of intelligence (left branch)
 o - an amulet of faith
 t - a ring of resist corrosion
Wands
 q - a wand of flame (18)
Scrolls
 j - 3 scrolls of teleportation
 k - 3 scrolls of magic mapping
 m - a scroll of enchant weapon
Potions
 b - 2 potions of might {unknown}
 g - 3 potions of brilliance
 h - 3 potions of lignification
 n - a potion of mutation {unknown}


   Skills:
 - Level 1.7 Fighting
 + Level 6.0 Short Blades
 - Level 1.8 Throwing
 - Level 0.8 Dodging
 + Level 9.8 Stealth
 + Level 1.9 Shields


You had 7 spell levels left.
You didn't know any spells.
Your spell library contained the following spells:

 Spells                   Type           Power      Damage    Failure   Level
 Sandblast                Erth           0%         2d4       30%         1
 Passwall                 Tmut/Erth      0%         N/A       43%         2
 Ozocubu's Armour         Ice            0%         N/A       67%         3
 Stone Arrow              Conj/Erth      0%         3d7       67%         3
 Metabolic Englaciation   Hex/Ice        0%         N/A       100%        5
 Simulacrum               Ice/Necr       Unusable   N/A       N/A         6

Dungeon Overview and Level Annotations

Branches:
Dungeon (5/15)             Temple (1/1) D:5

Altars:
Ashenzari
Cheibriados
Dithmenos
Elyvilon
Gozag
Hepliaklqana
Kikubaaqudgha
Makhleb
Nemelex Xobeh
Okawaru
Ru
Sif Muna
Trog
Uskayaw
Vehumet
Wu Jian
Xom
Yredelemnul
Zin
The Shining One

Shops:
D:2 *   D:4 :

Annotations:
D:1 Natasha


Innate Abilities, Weirdness & Mutations

You are a tree.
Your roots penetrate the ground, keeping you stationary.
You cannot be teleported.
You are immune to unholy pain and torment.
Your maximum health is greatly increased.
Your equipment is partially melded.
((You have razor-sharp teeth.))
Your natural rate of healing is unusually fast.
When hurt, damage is shared between your health and your magic reserves.
((Your bite disrupts and absorbs the magic of your enemies.))
Potions cannot restore your health.


Message History

The black bear is severely wounded.
The gnoll is no longer moving quickly.
The black bear bites you but does no damage.
You block the black bear's attack. The black bear claws you.
* * * LOW HITPOINT WARNING * * *
The gnoll hits you but does no damage.
You hit the black bear.
The black bear is almost dead.
You hit the black bear.
The black bear is almost dead.
The gnoll is no longer moving quickly.
The black bear goes berserk!
The gnoll hits you from afar with a +0 spear.
* * * LOW HITPOINT WARNING * * *
You hit the black bear but do no damage.
The black bear is almost dead.
You block the black bear's attack.
The black bear claws you but does no damage. x2
The gnoll hits you but does no damage.
You barely miss the black bear.
The black bear is almost dead.
The black bear bites you but does no damage.
The black bear claws you.
* * * LOW HITPOINT WARNING * * *
The black bear claws you but does no damage.
You hit the black bear but do no damage.
The black bear is almost dead.
The gnoll is no longer moving quickly.
You block the black bear's attack. The black bear claws you.
* * * LOW HITPOINT WARNING * * *
The black bear claws you but does no damage.
The gnoll hits you but does no damage.
You hit the black bear.
You kill the black bear!
Okawaru accepts your kill. The gnoll hits you but does no damage.
Your Short Blades skill increases to level 6!
You hit the ice beast but do no damage. The ice beast hits you.
* * * LOW HITPOINT WARNING * * *
The ice beast freezes you!
You die...

#### ##...# #..8..#
####### ....... #.....#
..._..S#####.###.#####
.⌠...⌠gg†♣Y....#.#.....
..._..g#####.#........#
....... #.###.#.##.#
#.$8..# #.###.#.##.# #
##...# #..........#.#
#### ######.#.##.#.#
###.............#
#.............####
#.>....#....#..###


You could see an ice beast, 3 gnolls and an adder.

Vanquished Creatures
  Grinder (D:3)
  Sigmund (D:2)
  A black bear (D:5)
  An ogre (D:3)
  A necrophage (D:5)
  2 scorpions
  A hound (D:5)
  A gnoll bouda (D:5)
  Natasha (twice) (D:2 D:1)
  2 orc wizards (D:3)
  7 adders
  3 gnolls (D:5)
  A white imp (D:5)
  An ufetubus (D:5)
  A worm (D:2)
  3 dart slugs
  8 orcs
  6 ball pythons
  6 bats
  8 endoplasms
  5 giant cockroaches
  15 goblins
  10 hobgoblins
  3 jackals (D:3)
  2 quokkas
  2 frilled lizards (D:2)
  6 kobolds
  4 rats
104 creatures vanquished.

Vanquished Creatures (others)
  3 plants (D:5)
3 creatures vanquished.

Grand Total: 107 creatures vanquished

Notes
Turn   | Place    | Note
-------+----------+-------------------------------------------
     0 | D:1      | vgb666 the Vine Stalker Brigand began the quest for the
                  | Orb.
     0 | D:1      | Reached XP level 1. HP: 11/11 MP: 2/2
    29 | D:1      | Found a faded altar of an unknown god.
   154 | D:1      | Reached skill level 5 in Stealth
   222 | D:1      | Reached XP level 2. HP: 14/15 MP: 3/3
   889 | D:2      | Reached XP level 3. HP: 18/18 MP: 4/4
  1138 | D:2      | Noticed Natasha
  1144 | D:2      | Killed Natasha
  1145 | D:2      | Reached skill level 6 in Stealth
  1145 | D:2      | Gained mutation: Your natural rate of healing is unusually
                  | fast. [Vine Stalker growth]
  1145 | D:2      | Reached XP level 4. HP: 20/23 MP: 3/5
  1176 | D:2      | Noticed Natasha
  1209 | D:1      | Killed Natasha
  1267 | D:2      | Noticed Sigmund
  1311 | D:1      | Noticed Natasha
  1426 | D:2      | Reached XP level 5. HP: 23/26 MP: 3/6
  1824 | D:2      | Killed Sigmund
  1825 | D:2      | Reached skill level 7 in Stealth
  1825 | D:2      | Reached XP level 6. HP: 26/30 MP: 7/7
  1962 | D:2      | Found Mosaitzoi's General Store.
  2209 | D:3      | Noticed Grinder
  2244 | D:3      | Killed Grinder
  2244 | D:3      | HP: 1/30 [frozen (4)]
  2245 | D:3      | Reached skill level 8 in Stealth
  2245 | D:3      | Reached XP level 7. HP: 1/34 MP: 1/8
  2555 | D:3      | Reached skill level 5 in Short Blades
  2852 | D:3      | Reached skill level 9 in Stealth
  3135 | D:4      | Found Polu Ilu's Book Emporium.
  3597 | D:5      | Entered Level 5 of the Dungeon
  3598 | D:5      | Found a staircase to the Ecumenical Temple.
  3635 | Temple   | Entered the Ecumenical Temple
  3734 | Temple   | Became a worshipper of Warmaster Okawaru
  3773 | D:5      | Gained mutation: You have razor-sharp teeth. [Vine Stalker
                  | growth]
  3773 | D:5      | Reached XP level 8. HP: 38/38 MP: 9/9
  3861 | D:5      | Found a sacrificial altar of Ru.
  3904 | D:5      | Reached skill level 1 in Shields
  4053 | D:5      | Found a burning altar of Makhleb.
  4160 | D:5      | Found an opulent altar of Gozag.
  4160 | D:5      | Found a sparkling altar of Nemelex Xobeh.
  4190 | D:5      | Slain by an ice beast

Illustrated notes

Levels and vault maps discovered:
D:1:      tarquinn_simple_flora_water_d, layout_basic, basic_ecumenical_altar,
          minmay_misc_feat_square, nrook_loot_triangle,
          minmay_misc_feat_four_crosses
D:2:      layout_rooms, serial_shops, nicolae_shop_window_shopping,
          grunt_decor_arrowhead, grunt_decor_mini_mirrors, minmay_pentomino_s4,
          uniq_natasha, uniq_sigmund
D:3:      layout_rooms, minmay_ogre_servants, uniq_grinder
D:4:      layout_basic, serial_shops, shop, wad_orctagon
D:5:      layout_loops_cross, overflow_temple_1_default,
          fedhas_altar_decomposition, grunt_temple_overflow_opulence,
          nicolae_ru_the_path_less_chosen, minmay_temple_entry_mist,
          serial_shops, shop
Temple:   nicolae_temple_bog_church

Skill      XL: |  1  2  3  4  5  6  7  8 |
---------------+-------------------------+-----
Stealth        | 5 6 7 8 9 |  9.8
Short Blades   | 2 3 4 5 6 |  6.0
Shields        | 1 |  1.9
Fighting       | |  1.7
Throwing       | |  1.8
Dodging        | |  0.8

Action                   |  1- 3 |  4- 6 |  7- 9 || total
-------------------------+-------+-------+-------++-------
Melee: Dagger            |    47 |   108 |   216 ||   371
       Bite              |    11 |    31 |    61 ||   103
       Punch             |     1 |     2 |     1 ||     4
Throw: Dart              |     7 |     1 |       ||     8
  Use: Scroll            |       |     6 |     1 ||     7
       Potion            |       |       |     1 ||     1
 Stab: Sleeping          |     8 |     2 |     5 ||    15
       Distracted        |       |     1 |       ||     1
Armor: Robe              |     4 |       |       ||     4
       Leather armour    |     7 |    19 |    38 ||    64
       Skin              |       |       |    15 ||    15
Dodge: Dodged            |    18 |    47 |    73 ||   138
Block: Buckler           |       |       |    18 ||    18
